Match 46170682
Unlisted

Match 46170682
End
Kradschützen Motorcycle Team
Selects Italian Combined Arms Battlegroup
Selects Bersaglieri Squad
Bersaglieri Squad
Bersaglieri Squad
Construct Light Support Kompanie
Bersaglieri Squad
Fire Support Elements
Flakvierling Half-track
Panzerjäger Mechanized Group
2.5-tonne Medical Truck
Selects Vehicle Support - Secure Location
Vehicle Survival Package
Construct Panzerarmee Kommand
Assault Mechanized Group
Selects Vehicle Support - Force Recon
Selects Semovente da 75/18 Assault Gun
Selects Strafing Run
Selects Artillery Cover
Panzer III L Medium Tank
Emergency Repair Kits
Armored Reserves
Strafing Run
Tiger Heavy Tank
Advanced Optics
tagilla
Max1boy
0
0

Comments sign in to comment!

No comments posted yet!